 Dungeon Crawl Stone Soup version 0.18-a0-1797-gc18daef (webtiles) character file.

315 dobroeutro the Skirmisher (level 6, -2/40 HPs)
             Began as a Gargoyle Fighter on Apr 22, 2016.
             Killed by nerve-wracking pain
             ... invoked by barb4r1an's ghost
              (5 damage)
             ... on level 4 of the Dungeon.
             The game lasted 00:05:04 (2223 turns).

dobroeutro the Skirmisher (Gargoyle Fighter)        Turns: 2223, Time: 00:05:05

Health: -2/40      AC: 11    Str: 22    XL:     6   Next: 44%
Magic:  0/6        EV:  7    Int:  8    God:
Gold:   215        SH:  9    Dex:  9    Spells: 0 memorised, 5 levels left

rFire  . . .     SeeInvis .     a - +1 flail
rCold  . . .     Gourm    .     b - +0 scale mail
rNeg   + . .     Faith    .     c - +0 shield
rPois  ∞         Spirit   +     j - +0 hat
rElec  +         Dismiss  .     (no cloak)
rCorr  .         Reflect  .     (no gloves)
SustAt .         Harm     .     (no boots)
MR     .....                    s - amulet of guardian spirit
Stlth  ..........               (no ring)
                                (no ring)

@: not resistant to hostile enchantments, extremely unstealthy
A: negative energy resistance 1, electricity resistance, unbreathing,
petrification resistance, rot immunity, AC +4
a: no special abilities


You were on level 4 of the Dungeon.
You were hungry.

You visited 1 branch of the dungeon, and saw 4 of its levels.

You collected 215 gold pieces.

Inventory:

Hand Weapons
 a - a +1 flail (weapon)
Armour
 b - a +0 scale mail (worn)
 c - a +0 shield (worn)
 j - a +0 hat (worn)
Jewellery
 i - a cursed amulet of inaccuracy {unknown}
 n - an uncursed ring of fire
 s - an amulet of guardian spirit (around neck)
 t - an uncursed amulet of faith {unknown}
Scrolls
 l - 2 scrolls of identify
 r - a scroll of teleportation {unknown}
 w - a scroll of enchant weapon
Potions
 d - a potion of might
 e - 4 potions of heal wounds
 g - a potion of brilliance {unknown}
 k - 3 potions of haste {unknown}
 u - 2 potions of agility {unknown}
 v - a potion of ambrosia {unknown}
 x - 2 potions of lignification {unknown}
Comestibles
 f - 3 bread rations
 h - 2 meat rations
 m - a royal jelly
 o - 4 fruits
 p - a beef jerky
 q - a slice of pizza


   Skills:
 + Level 4.8 Fighting
 + Level 3.7 Maces & Flails
 + Level 4.7 Armour
 + Level 4.7 Shields


You had 5 spell levels left.
You didn't know any spells.

Dungeon Overview and Level Annotations

Branches:
Dungeon (4/15)
 Temple: D:4-7

Altars:
Ashenzari
Gozag
Nemelex Xobeh
Yredelemnul

Annotations:
D:4 barb4r1an's ghost, amateur TrNe


Innate Abilities, Weirdness & Mutations

You are resistant to torment.
Your stone body is resilient (AC +4).
You are immune to poison.
You resist negative energy.
You are resistant to electric shocks.
You can survive without breathing.
You are immune to petrification.
You are immune to rotting.


Message History

You barely resist.
Barb4r1an's ghost hits you but does no damage.
You sock barb4r1an's ghost!
Barb4r1an's ghost is moderately damaged.
Barb4r1an's ghost gestures at you while chanting.
Pain shoots through your body!
You hit barb4r1an's ghost.
Barb4r1an's ghost is moderately damaged.
You block barb4r1an's ghost's attack.
You hit barb4r1an's ghost but do no damage.
Barb4r1an's ghost is moderately damaged.
You block barb4r1an's ghost's attack.
Barb4r1an's ghost says, "Don't worry, I won't let your corpse go to waste."
There is an open door here.
Barb4r1an's ghost points at you and mumbles some strange words.
Pain shoots through your body!
* * * LOW HITPOINT WARNING * * *
Barb4r1an's ghost gestures at you while chanting.
Pain shoots through your body!
You die...

#######.#####+#.....#
......#.............+
......#....<........####
......##.......>.......#
......##........#.#..#.##
......######..)...#.(...####
...(..'÷.........##.##.....#
......######.###.##......#.#
......# #....@######..#.#
...#'## ##.....#......####
#..#.# #.....'W...#....#
#..#.# #.....#.#.#####.#
#..#.# #.....#.........#
#..#.# #.....#.....#####
#..#.. #.....#.#.#.# ...###
#####.#...#.# .... #.#####.#


You could see barb4r1an's ghost.

Vanquished Creatures
  Sigmund (D:4)
  7 adders
  2 oozes (D:3)
  4 worms
  A dart slug (D:1)
  5 giant geckos
  An orc (D:3)
  6 giant cockroaches
  13 goblins
  5 hobgoblins
  3 bats
  4 giant newts
  9 kobolds
  9 rats
70 creatures vanquished.

Notes
Turn   | Place    | Note
--------------------------------------------------------------
     0 | D:1      | dobroeutro the Gargoyle Fighter began the quest for the Orb.
     0 | D:1      | Reached XP level 1. HP: 14/14 MP: 1/1
   172 | D:1      | Reached XP level 2. HP: 19/19 MP: 2/2
   549 | D:2      | Reached XP level 3. HP: 23/23 MP: 3/3
   614 | D:2      | Found an opulent altar of Gozag.
   750 | D:2      | Reached XP level 4. HP: 13/29 MP: 4/4
  1147 | D:3      | Found a basalt altar of Yredelemnul.
  1267 | D:3      | Found a glowing drain.
  1512 | D:3      | Reached XP level 5. HP: 32/33 MP: 5/5
  1690 | D:3      | Found a sparkling altar of Nemelex Xobeh.
  1983 | D:4      | Noticed Sigmund
  2125 | D:4      | Found a shattered altar of Ashenzari.
  2171 | D:4      | Killed Sigmund
  2171 | D:4      | Reached XP level 6. HP: 31/40 MP: 4/6
  2201 | D:4      | Noticed barb4r1an's ghost (amateur TrNe)
  2223 | D:4      | Killed from afar by barb4r1an's ghost

Vault maps used:
D:1:      saegor_arrival_simple_b
D:2:      grunt_gozag_breadcrumbs
D:3:      lemuel_crystal_altar, gup_sewer_entry_spiral,
          nemelex_dance_club_becter
D:4:      kennysheep_the_goblin_king, gammafunk_temple_overflow_forgotten,
          first_bread, uniq_sigmund

Skill      XL: |  1  2  3  4 |
---------------+-------------+-----
Armour         | 4 |  4.7
Fighting       | 4 |  4.8
Shields        | 4 |  4.7
Maces & Flails | 3 |  3.7

Action                   |  1- 3 |  4- 6 || total
-------------------------+-------+-------++-------
Melee: Flail             |   102 |   171 ||   273
  Use: Scroll            |       |     6 ||     6
  Eat: Chunk             |       |     4 ||     4
Armor: Scale mail        |    81 |    85 ||   166
Dodge: Dodged            |    43 |    36 ||    79
Block: Shield            |    80 |    84 ||   164
